 Dungeon Crawl Stone Soup version 0.17.0-23-g0de4337 (webtiles) character file.

32 timbw the Ruffian (level 3, -1/19 HPs)
             Began as a Vine Stalker Fighter on Nov 13, 2015.
             Was an Initiate of Ashenzari.
             Slain by Dirtsage's ghost (2 damage)
             ... on level 3 of the Dungeon.
             The game lasted 00:01:57 (394 turns).

timbw the Ruffian (Vine Stalker Fighter)             Turns: 394, Time: 00:01:57

Health: -1/19      AC:  6    Str: 23    XL:     3   Next: 25%
Magic:  0/4        EV:  7    Int:  8    God:    Ashenzari [......]
Gold:   34         SH:  9    Dex: 14    Spells: 0 memorised, 2 levels left

rFire  . . .     SeeInvis .       - Unarmed
rCold  . . .     Clarity  .     a - +0 scale mail (curse)
rNeg   . . .     SustAt   .     b - +0 shield (curse)
rPois  .         Gourm    .     (no helmet)
rElec  .         Spirit   +     (no cloak)
rCorr  .         Warding  .     (no gloves)
rMut   .         Stasis   .     (no boots)
MR     .....                    (no amulet)
Stlth  ..........               (no ring)
                                (no ring)

@: mighty, drained, not resistant to hostile enchantments, extremely unstealthy
A: fangs 2, regeneration 1, magic shield, antimagic bite, no device heal 3, rot
immunity
a: Renounce Religion


You were on level 3 of the Dungeon.
You worshipped Ashenzari.
Ashenzari was noncommittal.
You were not hungry.

You visited 1 branch of the dungeon, and saw 3 of its levels.

You collected 34 gold pieces.

Inventory:

Armour
 a - a cursed +0 scale mail (worn)
 b - a cursed +0 shield (worn)
Scrolls
 e - a scroll of fog {unknown}
 f - a scroll of immolation {unknown}
 g - a scroll of fear {unknown}
 h - a scroll of recharging {unknown}
 k - a scroll of magic mapping {unknown}
 l - a scroll of blinking {unknown}
 n - a scroll of curse weapon
 o - a scroll of teleportation {unknown}
Potions
 j - a potion of agility {unknown}
Comestibles
 d - 3 bread rations
 i - a chunk of flesh


   Skills:
 - Level 2.6(1.6) Fighting
 - Level 2.4(1.3) Armour
 - Level 2.6(1.6) Shields
 + Level 3.6(2.5) Unarmed Combat


You had 2 spell levels left.
You didn't know any spells.

Dungeon Overview and Level Annotations

Branches:
Dungeon (3/15)

Altars:
Ashenzari

Annotations:
D:3 Dirtsage's ghost, amateur DrCj


Innate Abilities, Weirdness & Mutations

You have extremely sharp teeth.
Your natural rate of healing is unusually fast.
When hurt, damage is shared between your health and your magic reserves.
Your bite disrupts and absorbs the magic of your enemies.
Potions and wands cannot restore your health.
You are immune to rotting.


Message History

Dirtsage's ghost hits you.
* * * LOW HITPOINT WARNING * * *
You feel drained.
* * * LOW HITPOINT WARNING * * *
Your shield prevents you from hitting Dirtsage's ghost.
You bite Dirtsage's ghost, but do no damage.
Dirtsage's ghost is moderately damaged.
Dirtsage's ghost falters for a moment.
You miss Dirtsage's ghost. You bite Dirtsage's ghost!
Dirtsage's ghost's magic leaks into the air.
You drain its magic.
You feel invigorated.
Dirtsage's ghost is heavily damaged.
You closely miss Dirtsage's ghost. You bite Dirtsage's ghost.
Dirtsage's ghost's magic leaks into the air.
You drain its magic.
You feel invigorated.
Dirtsage's ghost is severely damaged.
Dirtsage's ghost hits you.
* * * LOW HITPOINT WARNING * * *
You feel drained.
You die...

# ## #.#
#$
#..###.#
#.#.#..#
##......#
#...W...#
#@# #.##
#..# #
##.#.#
#.###.#.#
#.......#
#####.###
#.# #.#


You could see Dirtsage's ghost.

Vanquished Creatures
  An adder (D:2)
  A giant gecko (D:1)
  A giant cockroach (D:2)
  2 hobgoblins
  4 jackals (D:2)
  A quokka (D:2)
  A bat (D:1)
  4 goblins (D:1)
  3 kobolds (D:2)
  A rat (D:1)
19 creatures vanquished.

Notes
Turn   | Place    | Note
--------------------------------------------------------------
     0 | D:1      | timbw the Vine Stalker Fighter began the quest for the Orb.
     0 | D:1      | Reached XP level 1. HP: 11/11 MP: 2/2
   192 | D:1      | Reached XP level 2. HP: 7/16 MP: 1/3
   261 | D:2      | Reached skill level 3 in Unarmed Combat
   310 | D:2      | Reached XP level 3. HP: 17/19 MP: 4/4
   336 | D:2      | Found a shattered altar of Ashenzari.
   342 | D:2      | Became a worshipper of Ashenzari the Shackled
   363 | D:2      | Found a faded altar to an unknown god.
   386 | D:3      | Noticed Dirtsage's ghost (amateur DrCj)
   394 | D:3      | Slain by Dirtsage's ghost

Action                   || total
-------------------------++-------
Melee: Unarmed           ||    91
  Use: Scroll            ||     2
       Potion            ||     1
